Map: Apotheosis LE

Players

Fropez

  • Race: Protoss Protoss
  • League: Gold
  • Spawn Location: 5:00

ZaneYalgir - Winner!

  • Race: Protoss Protoss
  • League: Silver
  • Spawn Location: 11:00

VOD

Have the link to the VOD?

Description

Time

  • Played on: Oct. 7, 2016, 6:15 p.m.
  • Length: 15:18
Show
View Real Time Build Order
Export as new Build Order

Fropez Protoss 

Build Orders: Oracle Opening 

Get SALT Encoding   

  12  0:01  Probe (Chrono Boost)  
  13  0:19  Pylon  
  13  0:20  Probe (Chrono Boost)  
  14  0:31  Probe (Chrono Boost)  
  15  0:42  Gateway  
  15  0:43  Assimilator  
  15  0:45  Probe (Chrono Boost)  
  16  1:00  Probe (Chrono Boost)  
  17  1:12  Pylon, Probe (Chrono Boost)  
  18  1:25  Probe (Chrono Boost)  
  19  1:31  Cybernetics Core  
  19  1:35  Probe (Chrono Boost)  
  19  1:38  Assimilator  
  20  1:43  Pylon  
  20  1:46  Probe (Chrono Boost)  
  21  1:59  Probe (Chrono Boost)  
  22  2:10  Stargate  
  22  2:11  Probe (Chrono Boost)  
  23  2:21  Probe (Chrono Boost)  
  24  2:32  Probe (Chrono Boost)  
  25  2:42  Probe (Chrono Boost)  
  26  2:56  Oracle (Chrono Boost)  
  29  3:01  Protoss Air Weapons Level 1  
  29  3:04  Probe  
  29  3:22  Nexus  
  29  3:28  Oracle (Chrono Boost)  
  32  3:44  Probe  
  33  3:56  Probe  
  33  3:59  Fleet Beacon  
  34  4:08  Probe  
  35  4:11  Assimilator  
  35  4:13  Assimilator  
  35  4:20  Probe, Oracle (Chrono Boost)  
  39  4:42  Probe  
  39  4:44  Probe  
  41  4:58  Mothership Core  
  43  5:16  Stalker (Chrono Boost)  
  45  5:22  Warp Gate (Chrono Boost)  
  45  5:32  Pylon  
  45  5:34  Pylon  
  45  5:36  Pylon  
  45  5:40  Pylon  
  45  5:51  Nexus  
  45  5:52  Pylon  
  45  5:55  Assimilator  
  45  5:57  Assimilator, Stargate  
  45  5:59  Pylon, Tempest  
  46  6:12  Probe  
  44  6:23  Gateway  
  44  6:25  Probe  
  45  6:26  Gateway  
  45  6:28  Probe, Stalker  
  45  6:29  Gateway  
  48  6:44  Tempest  
  52  6:47  Probe  
  52  6:54  Probe  
  51  7:18  Stalker  
  51  7:22  Stalker  
  53  7:27  Stalker x2  
  57  7:35  Tempest  
  61  7:39  Probe  
  61  7:40  Probe  
  63  7:56  Forge  
  63  7:57  Probe  
  63  7:58  Probe  
  65  7:59  Forge  
  65  8:01  Pylon, Gateway  
  65  8:07  Tempest  
  65  8:11  Probe  
  65  8:12  Pylon, Probe x2  
  72  8:23  Probe  
  73  8:28  Probe  
  73  8:29  Robotics Facility  
  74  8:34  Protoss Ground Weapons Level 1  
  74  8:35  Protoss Ground Armor Level 1  
  74  8:43  Probe x2  
  74  8:48  Tempest  
  80  8:50  Probe  
  80  8:55  Probe  
  82  8:58  Zealot  
  84  9:07  Tempest  
  88  9:12  Probe  
  88  9:13  Probe  
  90  9:36  Nexus  
  90  9:39  Assimilator  
  90  9:42  Adept x2  
  90  9:43  Adept x2, Assimilator  
  96  9:47  Pylon  
  96  9:48  Pylon  
  96  9:51  Tempest  
  100  10:02  Observer (Chrono Boost)  
  101  10:12  Pylon  
  101  10:14  Pylon  
  101  10:18  Protoss Air Weapons Level 2  
  101  10:19  Pylon  
  102  10:21  Observer (Chrono Boost)  
  102  10:25  Pylon  
  102  10:26  Tempest  
  102  10:27  Pylon  
  110  10:37  Adept  
  110  10:40  Observer (Chrono Boost)  
  110  10:41  Adept  
  115  10:48  Twilight Council  
  115  10:55  Pylon  
  115  11:01  Stalker  
  115  11:02  Stalker x2  
  113  11:10  Gateway  
  99  11:13  Gateway  
  91  11:20  Protoss Shields Level 1 (Chrono Boost)  
  85  11:26  Gateway  
  85  11:27  Probe, Gateway  
  85  11:28  Probe x3  
  85  11:31  Gateway  
  89  11:33  Gateway  
  89  11:34  Stalker x3  
  89  11:36  Gateway  
  95  11:45  Observer (Chrono Boost)  
  96  11:49  Probe  
  96  11:50  Probe x3  
  100  11:56  Protoss Ground Weapons Level 2 (Chrono Boost)  
  100  12:00  Phoenix  
  102  12:03  Stalker x2  
  102  12:04  Stalker x3  
  112  12:09  Probe x2  
  114  12:32  Adept x6  
  114  12:33  Adept x3  
  114  12:34  Adept  
  134  12:41  Probe  
  134  12:42  Probe x2  
  134  12:43  Phoenix (Chrono Boost)  
  139  12:47  Warp Prism  
  137  12:57  Stalker x3  
  133  12:59  Probe x2  
  135  13:08  Phoenix (Chrono Boost)  
  135  13:12  Stalker x3  
  137  13:23  Pylon x2  
  137  13:26  Pylon  
  137  13:28  Pylon  
  137  13:54  Dark Shrine  
  137  13:56  Pylon  
  137  14:03  Phoenix (Chrono Boost)  
  137  14:05  Gateway, Anion Pulse-Crystals  
  139  14:11  Probe x2  
  139  14:13  Stargate  
  139  14:15  Pylon  
  139  14:17  Nexus  
  141  14:19  Pylon  
  141  14:20  Pylon  
  141  14:23  Assimilator  
  141  14:29  Assimilator  
  140  14:58  Stalker x3  
  140  14:59  Stalker x5  
Show
View Real Time Build Order
Export as new Build Order

ZaneYalgir Protoss - Winner!

Build Orders: Oracle Opening 

Get SALT Encoding   

  12  0:02  Probe (Chrono Boost)  
  13  0:13  Probe (Chrono Boost)  
  14  0:25  Pylon  
  14  0:26  Probe (Chrono Boost)  
  15  0:43  Probe (Chrono Boost)  
  16  0:53  Probe (Chrono Boost)  
  17  0:58  Forge  
  17  1:03  Gateway  
  17  1:07  Pylon  
  17  1:08  Probe (Chrono Boost)  
  18  1:15  Assimilator  
  18  1:19  Assimilator  
  18  1:20  Probe (Chrono Boost)  
  19  1:45  Probe (Chrono Boost)  
  20  1:56  Nexus  
  20  1:57  Probe (Chrono Boost)  
  21  2:06  Cybernetics Core  
  21  2:17  Pylon  
  21  2:20  Probe (Chrono Boost)  
  22  2:49  Stargate  
  22  2:52  Probe (Chrono Boost)  
  23  3:04  Photon Cannon  
  23  3:13  Probe (Chrono Boost), Assimilator  
  23  3:18  Probe (Chrono Boost)  
  25  3:24  Probe (Chrono Boost)  
  25  3:26  Gateway  
  26  3:28  Probe (Chrono Boost)  
  26  3:29  Warp Gate  
  26  3:30  Protoss Ground Weapons Level 1  
  27  3:39  Mothership Core (Chrono Boost)  
  24  3:48  Pylon  
  24  3:50  Oracle (Chrono Boost)  
  27  3:58  Probe (Chrono Boost)  
  27  3:59  Probe (Chrono Boost)  
  29  4:23  Probe  
  30  4:25  Probe  
  30  4:28  Phoenix (Chrono Boost)  
  33  4:35  Probe x2  
  27  4:46  Photon Cannon  
  27  4:48  Photon Cannon  
  22  5:18  Probe  
  23  5:24  Probe  
  24  5:28  Probe  
  25  5:36  Probe  
  25  5:39  Probe  
  27  5:45  Phoenix (Chrono Boost)  
  27  5:49  Probe  
  30  5:50  Probe  
  30  5:51  Protoss Air Weapons Level 1  
  31  6:00  Probe  
  31  6:01  Probe  
  33  6:07  Phoenix (Chrono Boost)  
  35  6:13  Probe  
  36  6:26  Probe  
  36  6:32  Probe  
  37  6:38  Probe  
  39  6:41  Assimilator  
  39  6:43  Probe  
  40  6:50  Probe  
  40  6:53  Probe  
  42  7:02  Probe  
  42  7:04  Probe  
  41  7:39  Void Ray (Chrono Boost), Stargate  
  45  7:46  Probe  
  46  7:51  Probe  
  46  7:57  Nexus, Probe  
  47  8:03  Probe  
  49  8:06  Stargate  
  49  8:07  Pylon, Probe  
  49  8:10  Pylon  
  50  8:15  Probe  
  50  8:18  Probe  
  52  8:22  Protoss Air Armor Level 1, Fleet Beacon  
  52  8:28  Probe x2  
  52  8:32  Void Ray (Chrono Boost)  
  62  8:38  Void Ray (Chrono Boost)  
  62  8:39  Probe  
  63  8:43  Probe  
  64  8:48  Pylon  
  64  8:50  Probe  
  64  8:55  Probe  
  66  9:07  Probe  
  75  9:10  Void Ray (Chrono Boost)  
  75  9:16  Void Ray (Chrono Boost)  
  79  9:19  Probe  
  79  9:20  Assimilator  
  79  9:22  Void Ray (Chrono Boost), Assimilator  
  80  9:31  Probe  
  84  9:43  Probe  
  84  9:51  Probe x2  
  84  9:55  Probe  
  87  10:02  Probe x2  
  87  10:04  Void Ray (Chrono Boost)  
  93  10:08  Probe  
  93  10:12  Probe  
  93  10:13  Probe  
  94  10:19  Stargate  
  96  10:26  Nexus  
  96  10:30  Pylon  
  96  10:34  Pylon  
  96  10:36  Pylon  
  90  11:14  Void Ray (Chrono Boost)  
  106  11:20  Void Ray x3 (Chrono Boost)  
  106  11:21  Zealot x2  
  110  11:27  Gateway  
  110  11:28  Gateway  
  110  11:30  Gateway  
  110  11:40  Nexus  
  110  11:43  Assimilator  
  110  11:45  Twilight Council  
  110  11:47  Assimilator  
  110  11:50  Pylon  
  110  11:51  Void Ray (Chrono Boost)  
  110  11:53  Pylon  
  114  12:01  Void Ray (Chrono Boost)  
  118  12:04  Probe  
  119  12:12  Zealot x2  
  119  12:15  Probe  
  123  12:22  Pylon  
  124  12:23  Charge (Chrono Boost)  
  124  12:24  Pylon  
  124  12:25  Probe  
  124  12:29  Pylon  
  125  12:30  Void Ray x3  
  125  12:36  Probe  
  137  12:40  Protoss Air Weapons Level 2  
  138  12:46  Probe  
  138  12:47  Cybernetics Core  
  139  12:55  Probe  
  139  12:56  Probe  
  139  12:57  Probe  
  142  13:05  Probe  
  142  13:07  Probe  
  142  13:09  Probe  
  145  13:16  Probe  
  146  13:21  Probe  
  146  13:26  Zealot x2  
  146  13:27  Zealot x3  
  157  13:34  Void Ray x3  
  157  13:35  Void Ray  
  173  14:09  Stalker x2  
  177  14:25  Pylon  
  177  14:27  Pylon  
Tags
 
Add a new tag
Caveats
  • Supply blocks, unpowered buildings, or Contaminate may cause inaccurate times.
  • Supply counts are checked every 10 seconds.